| TOP OF THE 1ST |
|
Seattle Mariners batting - Pitching for Oakland Athletics : RHP Danny Darwin
|
|
Pitching: RHP Danny Darwin
|
|
|
Batting: LHB Jose Perales
|
0-0: Called Strike 0-1: Foul Ball, location: 2F 0-2: Ball 1-2: Ball 2-2: Strikes out looking
|
|
Batting: LHB Don Mattingly
|
0-0: Ball 1-0: Ball 2-0: Called Strike 2-1: Ball 3-1: Fly out, F7 (Flyball, 78M, EV 91.9 MPH)
|
|
Batting: RHB Robin Yount
|
0-0: Fly out, F9 (Line Drive, 9, EV 98.1 MPH)
|
| Top of the 1st over - 0 runs, 0 hits, 0 errors, 0 left on base; Seattle 0 - Oakland 0 |
| BOTTOM OF THE 1ST |
|
Oakland Athletics batting - Pitching for Seattle Mariners : RHP Ed Halicki
|
|
Pitching: RHP Ed Halicki
|
|
|
Batting: RHB Scott Fletcher
|
0-0: Called Strike 0-1: Foul Ball, location: 2F 0-2: Ball 1-2: Strikes out looking
|
|
Pitching: RHP Timothy Jones
|
|
|
Batting: LHB Ruppert Jones
|
0-0: Called Strike 0-1: Foul Ball, location: 2F 0-2: Ball 1-2: Fly out, F7 (Flyball, 7D, EV 106.3 MPH)
|
|
Batting: RHB Dave Henderson
|
0-0: Ball 1-0: Ball 2-0: Ball 3-0: Called Strike 3-1: Foul Ball, location: 2F 3-2: Strikes out swinging
|
| Bottom of the 1st over - 0 runs, 0 hits, 0 errors, 0 left on base; Seattle 0 - Oakland 0 |
| TOP OF THE 2ND |
|
Seattle Mariners batting - Pitching for Oakland Athletics : RHP Danny Darwin
|
|
Batting: LHB Chris Wynn
|
0-0: Called Strike 0-1: Ball 1-1: Swinging Strike 1-2: SINGLE (Line Drive, 78M, EV 90.6 MPH)
|
|
Batting: RHB Tony Conigliaro
|
0-0: Called Strike 0-1: Swinging Strike 0-2: Foul Ball, location: 2F 0-2: Ball 1-2: Strikes out swinging
|
|
Batting: LHB Mike Stenhouse
|
0-0: Called Strike 0-1: Ball 1-1: Foul Ball, location: 2F 1-2: Ball 2-2: Grounds into double play, 6-4-3 (Groundball, 6S, EV 82.5 MPH)
|
| Top of the 2nd over - 0 runs, 1 hit, 0 errors, 0 left on base; Seattle 0 - Oakland 0 |
| BOTTOM OF THE 2ND |
|
Oakland Athletics batting - Pitching for Seattle Mariners : RHP Timothy Jones
|
|
Batting: LHB Reggie Jackson
|
0-0: Ball 1-0: Ground out 6-3 (Groundball, 6, EV 106.3 MPH)
|
|
Batting: RHB George Hendrick
|
0-0: Fly out, F8 (Flyball, 8RD, EV 96.3 MPH)
|
|
Batting: RHB Barry Evans
|
0-0: Called Strike 0-1: Ball 1-1: Called Strike 1-2: Foul Ball, location: 2F 1-2: Strikes out swinging
|
| Bottom of the 2nd over - 0 runs, 0 hits, 0 errors, 0 left on base; Seattle 0 - Oakland 0 |
| TOP OF THE 3RD |
|
Seattle Mariners batting - Pitching for Oakland Athletics : RHP Danny Darwin
|
|
Batting: LHB Ivan Flores
|
0-0: Called Strike 0-1: Ball 1-1: Foul Ball, location: 2F 1-2: Ball 2-2: Ball 3-2: Base on Balls
|
|
Batting: RHB Ryne Sandberg
|
0-0: Ball 1-0: Foul Ball, location: 2F 1-1: Ball 2-1: Foul Ball, location: 2F 2-2: Foul Ball, location: 2F 2-2: Strikes out swinging
|
|
Batting: RHB Ken Reitz
|
0-0: Called Strike Ivan Flores steals 2nd base (no throw) 0-1: Called Strike 0-2: DOUBLE (Line Drive, 9LS, EV 107.5 MPH) Ivan Flores scores
|
|
Batting: LHB Jose Perales
|
0-0: Called Strike 0-1: Ball 1-1: SINGLE (Groundball, 5L, EV 105.0 MPH) (infield hit) Ken Reitz to third
|
|
Batting: LHB Don Mattingly
|
0-0: Ball 1-0: Called Strike 1-1: Ball Jose Perales steals 2nd base (no throw) 2-1: Ball 3-1: Ground out 6-3 (Groundball, 6, EV 82.5 MPH) Ken Reitz scores Jose Perales to third
|
|
Batting: RHB Robin Yount
|
0-0: Foul Ball, location: 2F 0-1: Called Strike 0-2: Strikes out swinging
|
| Top of the 3rd over - 2 runs, 2 hits, 0 errors, 1 left on base; Seattle 2 - Oakland 0 |
| BOTTOM OF THE 3RD |
|
Oakland Athletics batting - Pitching for Seattle Mariners : RHP Timothy Jones
|
|
Batting: LHB Ben Oglivie
|
0-0: Called Strike 0-1: Foul Ball, location: 2F 0-2: Foul Ball, location: 2F 0-2: Ball 1-2: Foul Ball, location: 2F 1-2: Foul Ball, location: 2F 1-2: Foul Ball, location: 2F 1-2: Ball 2-2: Fly out, F7 (Flyball, 7, EV 75.6 MPH)
|
|
Batting: RHB Fred Andrews
|
0-0: Called Strike 0-1: Ball 1-1: Ball 2-1: Ground out 6-3 (Groundball, 6, EV 82.5 MPH)
|
|
Batting: RHB Barry Foote
|
0-0: Ball 1-0: Called Strike 1-1: Foul Ball, location: 2F 1-2: Ball 2-2: Strikes out swinging
|
| Bottom of the 3rd over - 0 runs, 0 hits, 0 errors, 0 left on base; Seattle 2 - Oakland 0 |
| TOP OF THE 4TH |
|
Seattle Mariners batting - Pitching for Oakland Athletics : RHP Danny Darwin
|
|
Batting: LHB Chris Wynn
|
0-0: Called Strike 0-1: Foul Ball, location: 2F 0-2: Ball 1-2: Ball 2-2: Ball 3-2: Base on Balls
|
|
Batting: RHB Tony Conigliaro
|
0-0: Foul Ball, location: 2F 0-1: Ball 1-1: 2-RUN HOME RUN (Flyball, 7D, EV 93.8 MPH), Distance : 368 ft
|
|
Batting: LHB Mike Stenhouse
|
0-0: Foul Ball, location: 2F 0-1: Called Strike 0-2: Ball 1-2: Fly out, F8 (Flyball, 8LM, EV 81.3 MPH)
|
|
Batting: LHB Ivan Flores
|
0-0: Foul Ball, location: 2F 0-1: Fly out, F6 (Flyball, 6MD, EV 91.9 MPH)
|
|
Batting: RHB Ryne Sandberg
|
0-0: Ball 1-0: Ball 2-0: Ground out 5-3 (Groundball, 5, EV 99.4 MPH)
|
| Top of the 4th over - 2 runs, 1 hit, 0 errors, 0 left on base; Seattle 4 - Oakland 0 |
| BOTTOM OF THE 4TH |
|
Oakland Athletics batting - Pitching for Seattle Mariners : RHP Timothy Jones
|
|
Batting: RHB Scott Fletcher
|
0-0: Ball 1-0: SINGLE (Groundball, 6D, EV 108.8 MPH)
|
|
Batting: LHB Ruppert Jones
|
0-0: Swinging Strike 0-1: Ball 1-1: Ball 2-1: Called Strike 2-2: Strikes out swinging
|
|
Batting: RHB Dave Henderson
|
0-0: Ball 1-0: Called Strike 1-1: Grounds into double play, 5-4-3 (Groundball, 56S, EV 78.1 MPH)
|
| Bottom of the 4th over - 0 runs, 1 hit, 0 errors, 0 left on base; Seattle 4 - Oakland 0 |
| TOP OF THE 5TH |
|
Seattle Mariners batting - Pitching for Oakland Athletics : RHP Danny Darwin
|
|
Batting: RHB Ken Reitz
|
0-0: Fly out, F9 (Flyball, 89D, EV 91.9 MPH)
|
|
Batting: LHB Jose Perales
|
0-0: Ball 1-0: Called Strike 1-1: Ball 2-1: Ball 3-1: Called Strike 3-2: Foul Ball, location: 2F 3-2: Ground out 6-3 (Groundball, 6M, EV 106.9 MPH)
|
|
Batting: LHB Don Mattingly
|
0-0: Swinging Strike 0-1: Ball 1-1: DOUBLE (Line Drive, 8LXD, EV 115.0 MPH)
|
|
Batting: RHB Robin Yount
|
0-0: Ball 1-0: 2-RUN HOME RUN (Line Drive, 7D, EV 101.3 MPH), Distance : 390 ft
|
|
Pitching: RHP Neil Allen
|
|
|
Batting: LHB Chris Wynn
|
0-0: Ball 1-0: Ball 2-0: Ball 3-0: Called Strike 3-1: Foul Ball, location: 2F 3-2: Strikes out swinging
|
| Top of the 5th over - 2 runs, 2 hits, 0 errors, 0 left on base; Seattle 6 - Oakland 0 |
| BOTTOM OF THE 5TH |
|
Oakland Athletics batting - Pitching for Seattle Mariners : RHP Timothy Jones
|
|
Batting: LHB Reggie Jackson
|
0-0: Foul Ball, location: 2F 0-1: Ball 1-1: Called Strike 1-2: Ball 2-2: Strikes out swinging
|
|
Batting: RHB George Hendrick
|
0-0: Ball 1-0: Ball 2-0: Ball 3-0: Called Strike 3-1: Fly out, F9 (Flyball, 9LS, EV 88.1 MPH)
|
|
Batting: RHB Barry Evans
|
0-0: Ball 1-0: Ball 2-0: Foul Ball, location: 2F 2-1: Foul Ball, location: 2F 2-2: Ball 3-2: DOUBLE (Line Drive, 78M, EV 111.3 MPH)
|
|
Batting: LHB Ben Oglivie
|
0-0: Called Strike 0-1: Swinging Strike 0-2: Strikes out swinging
|
| Bottom of the 5th over - 0 runs, 1 hit, 0 errors, 1 left on base; Seattle 6 - Oakland 0 |
| TOP OF THE 6TH |
|
Seattle Mariners batting - Pitching for Oakland Athletics : RHP Neil Allen
|
|
Batting: RHB Tony Conigliaro
|
0-0: Called Strike 0-1: Ball 1-1: Ball 2-1: Foul Ball, location: 2F 2-2: Foul Ball, location: 2F 2-2: Foul Ball, location: 2F 2-2: Fly out, F4 (Flyball, 34D, EV 80.6 MPH)
|
|
Batting: LHB Mike Stenhouse
|
0-0: Ball 1-0: Foul Ball, location: 2F 1-1: Foul Ball, location: 2F 1-2: Ball 2-2: Ball 3-2: Fly out, F8 (Flyball, 8RD, EV 100.0 MPH)
|
|
Batting: LHB Ivan Flores
|
0-0: Ball 1-0: Fly out, F8 (Flyball, 8RD, EV 82.5 MPH)
|
| Top of the 6th over - 0 runs, 0 hits, 0 errors, 0 left on base; Seattle 6 - Oakland 0 |
| BOTTOM OF THE 6TH |
|
Oakland Athletics batting - Pitching for Seattle Mariners : RHP Timothy Jones
|
|
Pitching: RHP Dick Bosman
|
|
|
Batting: RHB Fred Andrews
|
0-0: Ball 1-0: Swinging Strike 1-1: Called Strike 1-2: Strikes out swinging, 2-3 out at first.
|
|
Batting: RHB Barry Foote
|
0-0: Called Strike 0-1: Ball 1-1: Ground out 6-3 (Groundball, 6, EV 82.5 MPH)
|
|
Batting: RHB Scott Fletcher
|
0-0: Ball 1-0: Foul Ball, location: 2F 1-1: Ground out 6-3 (Groundball, 6, EV 83.8 MPH)
|
| Bottom of the 6th over - 0 runs, 0 hits, 0 errors, 0 left on base; Seattle 6 - Oakland 0 |
| TOP OF THE 7TH |
|
Seattle Mariners batting - Pitching for Oakland Athletics : RHP Neil Allen
|
|
Batting: RHB Ryne Sandberg
|
0-0: Ball 1-0: SINGLE (Groundball, 6M, EV 105.0 MPH) (infield hit)
|
|
Batting: RHB Ken Reitz
|
0-0: 2-RUN HOME RUN (Flyball, 78XD, EV 93.8 MPH), Distance : 435 ft
|
|
Batting: LHB Jose Perales
|
0-0: Ball 1-0: Ball 2-0: Ball 3-0: Called Strike 3-1: Base on Balls
|
|
Pinch Hitting: RHB Juan DeLiza
|
0-0: Ball 1-0: Ground out 6-3 (Groundball, 6S, EV 61.3 MPH) Jose Perales to second
|
|
Batting: RHB Robin Yount
|
0-0: Called Strike 0-1: Called Strike 0-2: Strikes out swinging
|
|
Batting: LHB Chris Wynn
|
0-0: Ball 1-0: Called Strike 1-1: DOUBLE (Flyball, 78D, EV 103.8 MPH) Jose Perales scores
|
|
Batting: RHB Tony Conigliaro
|
0-0: Called Strike 0-1: Foul Ball, location: 2F 0-2: Foul Ball, location: 2F 0-2: Foul Ball, location: 2F 0-2: Ball 1-2: Fly out, F8 (Flyball, 8LD, EV 91.3 MPH)
|
| Top of the 7th over - 3 runs, 3 hits, 0 errors, 1 left on base; Seattle 9 - Oakland 0 |
| BOTTOM OF THE 7TH |
|
Oakland Athletics batting - Pitching for Seattle Mariners : RHP Dick Bosman
|
|
Now at 1B: Juan DeLiza
|
|
|
Batting: LHB Ruppert Jones
|
0-0: Ball 1-0: Swinging Strike 1-1: Foul Ball, location: 2F 1-2: Fly out, F7 (Flyball, 78M, EV 96.3 MPH)
|
|
Batting: RHB Dave Henderson
|
0-0: Called Strike 0-1: Ball 1-1: Ball 2-1: Swinging Strike 2-2: Ball 3-2: Ground out 5-3 (Groundball, 56S, EV 83.1 MPH)
|
|
Batting: LHB Reggie Jackson
|
0-0: Ball 1-0: Called Strike 1-1: Called Strike 1-2: Ball 2-2: Strikes out swinging
|
| Bottom of the 7th over - 0 runs, 0 hits, 0 errors, 0 left on base; Seattle 9 - Oakland 0 |
| TOP OF THE 8TH |
|
Seattle Mariners batting - Pitching for Oakland Athletics : RHP Neil Allen
|
|
Batting: LHB Mike Stenhouse
|
0-0: Ball 1-0: Ball 2-0: Ball 3-0: Base on Balls
|
|
Batting: LHB Ivan Flores
|
0-0: Foul Ball, location: 2F 0-1: SINGLE (Groundball, 3S, EV 62.5 MPH) (infield hit) Mike Stenhouse to second
|
|
Batting: RHB Ryne Sandberg
|
0-0: Ball 1-0: Swinging Strike 1-1: Foul Ball, location: 2F 1-2: Ball 2-2: Ball 3-2: Strikes out looking
|
|
Pitching: LHP Bob Falcon
|
|
|
Batting: RHB Ken Reitz
|
0-0: Grounds into double play, 6-4-3 (Groundball, 6, EV 103.8 MPH)
|
| Top of the 8th over - 0 runs, 1 hit, 0 errors, 1 left on base; Seattle 9 - Oakland 0 |
| BOTTOM OF THE 8TH |
|
Oakland Athletics batting - Pitching for Seattle Mariners : RHP Dick Bosman
|
|
Batting: RHB George Hendrick
|
0-0: Ball 1-0: Foul Ball, location: 2F 1-1: Ground out U3 (Groundball, 34, EV 90.6 MPH)
|
|
Batting: RHB Barry Evans
|
0-0: Called Strike 0-1: Ball 1-1: Foul Ball, location: 2F 1-2: Strikes out looking
|
|
Batting: LHB Ben Oglivie
|
0-0: Called Strike 0-1: Ball 1-1: Swinging Strike 1-2: Foul Ball, location: 2F 1-2: Foul Ball, location: 2F 1-2: Ball 2-2: Ball 3-2: Foul Ball, location: 2F 3-2: Foul Ball, location: 2F 3-2: Strikes out looking
|
| Bottom of the 8th over - 0 runs, 0 hits, 0 errors, 0 left on base; Seattle 9 - Oakland 0 |
| TOP OF THE 9TH |
|
Seattle Mariners batting - Pitching for Oakland Athletics : LHP Bob Falcon
|
|
Batting: LHB Jose Perales
|
0-0: Ball 1-0: Called Strike 1-1: Foul Ball, location: 2F 1-2: Strikes out swinging
|
|
Batting: RHB Juan DeLiza
|
0-0: Called Strike 0-1: Called Strike 0-2: Strikes out looking
|
|
Batting: RHB Robin Yount
|
0-0: Called Strike 0-1: Swinging Strike 0-2: Strikes out looking
|
| Top of the 9th over - 0 runs, 0 hits, 0 errors, 0 left on base; Seattle 9 - Oakland 0 |
| BOTTOM OF THE 9TH |
|
Oakland Athletics batting - Pitching for Seattle Mariners : RHP Dick Bosman
|
|
Batting: RHB Fred Andrews
|
0-0: Ball 1-0: Fly out, F8 (Line Drive, 8RM, EV 94.4 MPH)
|
|
Batting: RHB Barry Foote
|
0-0: Called Strike 0-1: DOUBLE (Flyball, 7LD, EV 98.8 MPH)
|
|
Pitching: RHP Carlos Diaz
|
|
|
Batting: RHB Scott Fletcher
|
0-0: Called Strike 0-1: SINGLE (Line Drive, 7S, EV 107.5 MPH) Barry Foote to third
|
|
Batting: LHB Ruppert Jones
|
0-0: Swinging Strike 0-1: Ball 1-1: Called Strike 1-2: Foul Ball, location: 2F 1-2: Foul Ball, location: 2F 1-2: Ball 2-2: Ball 3-2: Foul Ball, location: 2F 3-2: Base on Balls Scott Fletcher to second
|
|
Batting: RHB Dave Henderson
|
0-0: Ball 1-0: Ball 2-0: Called Strike 2-1: Swinging Strike 2-2: Strikes out swinging
|
|
Batting: LHB Reggie Jackson
|
0-0: Foul Ball, location: 2F 0-1: Foul Ball, location: 2F 0-2: GRAND SLAM HOME RUN (Flyball, 9D, EV 107.5 MPH), Distance : 379 ft
|
|
Batting: RHB George Hendrick
|
0-0: Foul Ball, location: 2F 0-1: Ground out 5-3 (Groundball, 56S, EV 65.0 MPH)
|
| Bottom of the 9th over - 4 runs, 3 hits, 0 errors, 0 left on base; Seattle 9 - Oakland 4 |
|